 Dungeon Crawl Stone Soup version 0.22-a0-247-gbddf880 (webtiles) character file.

2623 Gorglomux the Protected (level 9, -1/82 HPs)
             Began as a Minotaur Conjurer on Feb 24, 2018.
             Was a Follower of Okawaru.
             Slain by an ogre
             ... wielding a +0 giant club
              (23 damage)
             ... on level 7 of the Dungeon.
             The game lasted 00:08:53 (6533 turns).

Gorglomux the Protected (Minotaur Conjurer)         Turns: 6533, Time: 00:08:54

Health: -1/82      AC: 14    Str: 16    XL:     9   Next: 34%
Magic:  0/10       EV:  7    Int: 14    God:    Okawaru [*.....]
Gold:   216        SH: 10    Dex: 11    Spells: 9/10 levels left

rFire    . . .     SeeInvis .   R - +2 dagger (venom)
rCold    . . .     Gourm    .   y - +0 shield
rNeg     . . .     Faith    .   m - +0 chain mail
rPois    +         Spirit   +   (helmet restricted)
rElec    .         Reflect  .   O - scarf {Spirit}
rCorr    .         Harm     .   (no gloves)
MR       .....                  M - +2 pair of boots {Fly}
Stlth    ..........             (no amulet)
HPRegen  0.23/turn              c - +2 ring of intelligence (curse)
MPRegen  0.12/turn              o - ring of poison resistance

@: flying
A: retaliatory headbutt, horns 2
a: Heroism, Renounce Religion, Stop Flying


You were on level 7 of the Dungeon.
You worshipped Okawaru.
Okawaru was aware of your devotion.
You were not hungry.

You visited 1 branch of the dungeon, and saw 7 of its levels.
You also visited: Sewer.

You collected 623 gold pieces.
You spent 407 gold pieces at shops.

Inventory:

Hand Weapons
 q - a +0 falchion
 R - a +2 dagger of venom (weapon)
 V - a +0 war axe
Armour
 m - a +0 chain mail (worn)
 y - a +0 shield (worn)
 M - a +2 pair of boots of flying (worn)
 O - a scarf of spirit shield (worn)
Jewellery
 c - a cursed +2 ring of intelligence (left hand)
 o - a ring of poison resistance (right hand)
 W - a +3 ring of evasion
Wands
 D - a wand of digging (11)
 I - a wand of iceblast (2)
Scrolls
 f - 2 scrolls of enchant armour {unknown}
 g - 4 scrolls of fear
 i - 2 scrolls of amnesia {unknown}
 k - 5 scrolls of identify {unknown}
 n - 7 scrolls of teleportation {unknown}
 r - 6 scrolls of remove curse {unknown}
 t - a scroll of enchant weapon {unknown}
 v - 3 scrolls of immolation {unknown}
 x - a scroll of random uselessness {unknown}
 K - a scroll of vulnerability {unknown}
 P - 3 scrolls of magic mapping {unknown}
 Z - 2 scrolls of blinking {unknown}
Potions
 j - a potion of invisibility {unknown}
 u - a potion of heal wounds {unknown}
 J - a potion of degeneration {unknown}
 L - a potion of mutation {unknown}
 N - 3 potions of brilliance {unknown}
 Q - 5 potions of curing
 S - 3 potions of might {unknown}
 T - a potion of agility
 U - 4 potions of haste {unknown}
 X - 2 potions of flight {unknown}
 Y - a potion of cancellation {unknown}
Comestibles
 b - 14 rations


   Skills:
 + Level 8.3 Fighting
 + Level 4.3 Axes
 + Level 8.3 Armour
 - Level 3.5 Dodging
 - Level 1.5 Stealth
 + Level 7.6 Shields
 - Level 1.3 Spellcasting
 - Level 2.9 Conjurations


You had 9 spell levels left.
You knew the following spells:

 Your Spells              Type           Power        Failure   Level  Hunger
a - Magic Dart            Conj           #...         93%         1    ##.....


Dungeon Overview and Level Annotations

Branches:
Dungeon (7/15)             Temple (0/1) D:7

Altars:
Dithmenos
Hepliaklqana
Okawaru
Ru
Sif Muna
Trog
Wu Jian

Shops:
D:5 (   D:6 ([[   D:7 =


Innate Abilities, Weirdness & Mutations

You reflexively headbutt those who attack you in melee.
You have a pair of horns on your head.


Message History

You are too injured to fight recklessly!!!
You are too injured to fight recklessly!!!
You are too injured to butt recklessly!!!
You are too injured to fight recklessly!!!
You spit the ogre like a pig!
The ogre butts poisoned!
The ogre is moderately wounded!
The centaur warrior zombie hits you!
The ogre hits you with a giant butt!!!!!! * * * don't die
* * * The centaur warrior butt hits you butt does no damage!
A bullfrog comes into view!
The bullfrog gives a loud, butt croak!!!
Okay, then!
Evoke which item? (* to show all) (? for menu, Esc to quit)
Okay, then!
The bullfrog hits you! * * * don't die
* * * You feel better!
You block the bullfrog's attack!
The ogre hits you with a giant club!!!!!! rip

#####.............#
###........#######..#
##...###....# ###
#..# #..###
#....#######..# ....#
####.'.._..'..#
.##..# ..###.###..#
## #.... ..# #.# #..#
#### #..###+###.##
#....F@OZ.#
###########


You could see an ogre, a bullfrog and a centaur warrior zombie.

Vanquished Creatures
  The ghost of Amnesiac the Chucker, a novice OgFi (D:5)
  2 hungry ghosts (D:7)
  Edmund (D:4)
  An ogre (D:5)
  5 big kobolds
  A bullfrog (D:7)
  A gnoll sergeant (D:6)
  6 killer bees (D:7)
  A wight (D:7)
  A howler monkey (D:4)
  2 crimson imps
  A quasit (D:7)
  3 hounds
  A centaur skeleton (D:5)
  An orc priest (D:3)
  5 orc wizards
  An iguana (D:5)
  5 worker ants
  2 hound skeletons (D:5)
  Robin (D:1)
  13 adders
  10 gnolls
  3 river rats (Sewer)
  An ooze (D:6)
  An adder skeleton (D:4)
  2 worms (D:2)
  3 dart slugs
  7 leopard geckos
  12 orcs
  2 ball pythons (Sewer)
  5 giant cockroaches
  23 hobgoblins
  2 jackals (D:3)
  14 kobolds
  2 quokkas
  8 bats
  9 frilled lizards
  32 goblins
  A jackal skeleton (D:4)
  A leopard gecko skeleton (D:4)
  14 rats
207 creatures vanquished.

Notes
Turn   | Place    | Note
-------+----------+-------------------------------------------
     0 | D:1      | Gorglomux the Minotaur Conjurer began the quest for the Orb.
     0 | D:1      | Reached XP level 1. HP: 14/14 MP: 1/1
   364 | D:1      | Reached skill level 1 in Armour
   370 | D:1      | Reached skill level 1 in Fighting
   466 | D:1      | Reached XP level 2. HP: 23/23 MP: 0/3
   981 | D:2      | Reached XP level 3. HP: 16/29 MP: 0/4
  1155 | D:2      | Noticed Robin
  1186 | D:2      | Reached skill level 3 in Dodging
  1193 | D:1      | Killed Robin
  1403 | D:2      | Found a faded altar of an unknown god.
  1538 | D:2      | Reached XP level 4. HP: 37/37 MP: 5/5
  1791 | D:2      | Found a bloodstained altar of Trog.
  2268 | D:3      | Reached skill level 3 in Armour
  2307 | D:3      | Reached skill level 3 in Fighting
  2307 | D:3      | Reached skill level 1 in Shields
  2307 | D:3      | Reached XP level 5. HP: 37/45 MP: 6/6
  2609 | D:4      | Noticed Edmund
  2634 | D:4      | Killed Edmund
  2634 | D:4      | Reached skill level 3 in Shields
  2634 | D:4      | Reached XP level 6. HP: 46/53 MP: 7/7
  3373 | D:5      | Entered Level 5 of the Dungeon
  3380 | D:5      | Reached XP level 7. HP: 51/60 MP: 8/8
  3409 | D:5      | Noticed Amnesiac's ghost (novice OgFi)
  3594 | D:5      | Found Dyanaoh's Antique Weapon Emporium.
  3655 | D:5      | Found a deep blue altar of Sif Muna.
  3782 | D:5      | Found a glowing drain.
  3798 | Sewer    | Entered a sewer
  4557 | D:5      | Reached skill level 6 in Fighting
  4567 | D:5      | Reached skill level 6 in Armour
  4629 | D:5      | Killed Amnesiac's ghost
  4629 | D:5      | Reached XP level 8. HP: 19/71 MP: 9/9
  4722 | D:5      | Reached skill level 6 in Shields
  4834 | D:5      | Reached skill level 1 in Axes
  4997 | D:5      | Found a sacrificial altar of Ru.
  5369 | D:6      | Found Joelyij's Antique Weapon Boutique.
  5579 | D:6      | Found an iron altar of Okawaru.
  5614 | D:6      | Found a hazy altar of Hepliaklqana.
  5626 | D:6      | Became a worshipper of Warmaster Okawaru
  5678 | D:6      | Found Yxiloij's Antique Armour Shoppe.
  5683 | D:6      | Bought a pair of glowing boots for 187 gold pieces
  5701 | D:6      | Found Umauf's Antique Armour Shoppe.
  5823 | D:6      | Reached skill level 3 in Axes
  5988 | D:6      | Found an ornate altar of the Wu Jian Council.
  6039 | D:7      | Found a staircase to the Ecumenical Temple.
  6069 | D:7      | Reached XP level 9. HP: 58/80 MP: 10/10
  6302 | D:7      | Found Geonemor's Jewellery Boutique.
  6340 | D:7      | Paralysed by fainting for 7 turns
  6366 | D:7      | Reached * piety under Okawaru
  6402 | D:7      | Bought an uncursed ring of poison resistance for 220 gold pieces
  6502 | D:7      | Found a shadowy altar of Dithmenos.
  6533 | D:7      | Slain by an ogre

Vault maps used:
D:1:      matt_arrival_grand_opening
D:2:      chequers_ecumenical_altar_simple, first_ration, trog_book, uniq_robin
D:4:      uniq_edmund
D:5:      minmay_goblin_kobold_castle, kennysheep_little_box,
          nicolae_ru_great_annihilating_truth, portal_sewer_entry_f,
          serial_shops, shop, corner_web_ring
D:6:      overflow_temple_1_default, lemuel_coloured_pillars_altar,
          serial_shops, nicolae_shop_stone, nicolae_shop_window_shopping, shop,
          okawaru_metal_pillars_1_2
D:7:      lemuel_crystal_altar, lemuel_mausoleum_altar_yredelemnul,
          lemuel_doored_altar, minmay_temple_entry_grid, serial_shops, shop,
          shop, shop, uniq_crazy_yiuf_cottage
Sewer:    sewer_co_cracked_pipes

Skill      XL: |  1  2  3  4  5  6  7  8  9 |
---------------+----------------------------+-----
Armour         | 1 2 3 4 6 7 8 |  8.3
Fighting       | 1 2 3 4 6 7 8 |  8.3
Dodging        | 3 |  3.5
Shields        | 1 3 5 7 |  7.6
Axes           | 3 4 |  4.3
Stealth        | |  1.5
Spellcasting   | |  1.3
Conjurations   | |  2.9

Action                   |  1- 3 |  4- 6 |  7- 9 || total
-------------------------+-------+-------+-------++-------
Melee: Unarmed           |    46 |       |       ||    46
       Headbutt          |    13 |    32 |    63 ||   108
       Falchion          |    23 |    81 |       ||   104
       Dagger            |    12 |    85 |   543 ||   640
 Cast: Magic Dart        |    22 |       |       ||    22
  Use: Potion            |       |     1 |     1 ||     2
       Scroll            |       |       |     1 ||     1
 Stab: Sleeping          |     1 |       |       ||     1
       Paralysed         |       |       |     1 ||     1
  Eat: Chunk             |     3 |     5 |    12 ||    20
       Ration            |       |       |     4 ||     4
Armor: Robe              |    10 |       |       ||    10
       Chain mail        |    18 |   108 |   274 ||   400
Dodge: Dodged            |    56 |    49 |   209 ||   314
Block: Shield            |       |    43 |   268 ||   311
       Rpst.: Falchion   |     4 |    12 |       ||    16

Table legend:
 A = Spawn XP
 B = Non-spawn XP
 C = Spawn XP percentage of total XP
 D = Spawn monster count
 E = Non-spawn monster count
 F = Spawn count percentage of total count
 G = Total turns spent on level
                    A         B        C        D         E        F      G
               +---------+---------+-------+---------+---------+-------+---------
         Total |       0 |    3748 |   0.0 |       0 |     207 |   0.0 |  6533
               +---------+---------+-------+---------+---------+-------+---------
           D:1 |       0 |      40 |   0.0 |       0 |      18 |   0.0 |  1028
           D:2 |       0 |      80 |   0.0 |       0 |      21 |   0.0 |   964
           D:3 |       0 |     140 |   0.0 |       0 |      19 |   0.0 |   568
           D:4 |       0 |     472 |   0.0 |       0 |      17 |   0.0 |   982
           D:5 |       0 |    1569 |   0.0 |       0 |      83 |   0.0 |  1460
           D:6 |       0 |     273 |   0.0 |       0 |      14 |   0.0 |   655
           D:7 |       0 |    1095 |   0.0 |       0 |      18 |   0.0 |   511
         Sewer |       0 |      79 |   0.0 |       0 |      17 |   0.0 |   365
               +---------+---------+-------+---------+---------+-------+---------
